 Dungeon Crawl Stone Soup version 0.27.1-3-gb3d3a73c9e (webtiles) character file.

Game seed: 4643371372876429524

146 belegose the Sneak (level 5, -1/44 HPs)
             Began as a Ghoul Enchanter on Oct 26, 2021.
             Slain by Eustachio (3 damage)
             ... on level 4 of the Dungeon.
             The game lasted 00:08:32 (4055 turns).

belegose the Sneak (Ghoul Enchanter)                Turns: 4055, Time: 00:08:32

Health: -1/44      AC:  2    Str: 13    XL:     5   Next: 28%
Magic:  5/6        EV: 12    Int: 10    God:
Gold:   117        SH:  0    Dex:  9    Spells: 6/7 levels left

rFire    + . .     SeeInvis .   a - +4 dagger
rCold    + . .     Faith    .   (no shield)
rNeg     + + +     Spirit   .   b - +0 robe
rPois    ∞         Reflect  .   (no helmet)
rElec    .         Harm     .   (no cloak)
rCorr    .         Rampage  .   (no gloves)
Will     +....                  (no boots)
Stlth    ++........             s - amulet of the acrobat
HPRegen  0.00/turn              e - ring of protection from fire
MPRegen  0.10/turn              g - ring of willpower

@: very slightly contaminated, inhibited regen, studying Hexes
A: claws 1, cold resistance 1, negative energy resistance 3, inhibited
regeneration, torment resistance 2
a: no special abilities


You were on level 4 of the Dungeon.
You visited 1 branch of the dungeon, and saw 4 of its levels.

You collected 117 gold pieces.

Inventory:

Hand Weapons
 a - a +4 dagger (weapon)
Missiles
 c - 205 stones
Armour
 b - a +0 robe (worn)
 o - a +0 scale mail
Jewellery
 e - a ring of protection from fire (left claw)
 g - a ring of willpower (right claw)
 s - an amulet of the acrobat (around neck)
Scrolls
 d - 2 scrolls of teleportation {unknown}
 f - 2 scrolls of identify {unknown}
 h - a scroll of amnesia {unknown}
 j - a scroll of magic mapping {unknown}
 l - a scroll of holy word {unknown}
 q - a scroll of acquirement {unknown}
 t - a scroll of blinking {unknown}
Potions
 i - 2 potions of brilliance {unknown}
 k - 2 potions of berserk rage {unknown}
 m - a potion of curing {unknown}
 n - a potion of heal wounds {unknown}
 p - a potion of might {unknown}
 r - a potion of cancellation {unknown}


   Skills:
 + Level 2.8 Fighting
 + Level 1.7 Short Blades
 + Level 2.3 Armour
 - Level 1.7 Dodging
 - Level 4.2 Stealth
 - Level 1.7 Spellcasting
 - Level 2.4 Hexes


You had 6 spell levels left.
You knew the following spells:

 Your Spells              Type           Power      Damage    Failure   Level
a - Corona                Hex            5%         N/A       12%         1

Your spell library contained the following spells:

 Spells                   Type           Power      Damage    Failure   Level
 Ensorcelled Hibernation  Hex/Ice        6%         N/A       30%         2
 Animate Skeleton         Necr           0%         N/A       32%         1
 Apportation              Tloc           0%         N/A       32%         1
 Summon Small Mammal      Summ           0%         N/A       32%         1
 Confusing Touch          Hex            5%         N/A       34%         3
 Tukima's Dance           Hex            5%         N/A       34%         3
 Dazzling Flash           Conj/Hex       6%         N/A       52%         3
 Conjure Flame            Conj/Fire      0%         6-21      67%         3
 Ignite Poison            Fire/Tmut/Pois 0%         N/A       67%         3
 Iskenderun's Mystic Bla  Conj/Tloc      0%         2d3       97%         4
 Sticky Flame             Conj/Fire      0%         2d3       97%         4
 Starburst                Conj/Fire      0%         6d3       100%        6


Dungeon Overview and Level Annotations

Branches:
Dungeon (4/15)
 Temple: D:4-7

Altars:
Ashenzari
Cheibriados
Uskayaw

Annotations:
D:4 Edmund, Eustachio


Innate Abilities, Weirdness & Mutations

You thrive by killing the living.
You are immune to poison.
You have sharp fingernails.
Your flesh is cold resistant. (rC+)
You are immune to negative energy. (rN+++)
You do not regenerate when monsters are visible.
You are immune to unholy pain and torment.


Message History

The rat bites you. x2
Eustachio mumbles some strange words.
Eustachio blinks!
Eustachio stops glowing.
The bat misses you. The rat completely misses you.
The rat completely misses you.
You barely miss the rat. The rat barely misses you.
You closely miss the rat. The rat bites you.
You barely miss the rat. The rat misses you.
You barely miss the rat. The rat bites you.
You hit the rat.
You kill the rat!
The rat's corpse disappears in a puff of smoke!
The bat hits you but does no damage. The rat completely misses you.
The bat completely misses you. The bat completely misses you.
You hit the bat.
You kill the bat!
The bat's corpse disappears in a puff of smoke!
You closely miss the rat. The rat closely misses you.
You hit the rat but do no damage. The rat bites you.
* * * LOW HITPOINT WARNING * * *
You barely miss the rat. The rat barely misses you.
You hit the rat.
You kill the rat!
The rat's corpse disappears in a puff of smoke!
Casting: Corona (safe; 12% risk of failure)
Confirm with . or Enter, or press ? or * to list all spells.
Aiming: Corona (safe; 12% risk of failure)
Press: ? - help, Shift-Dir - straight line, f/p - Eustachio
Aim: Eustachio, wielding a +2 falchion of holy wrath and wearing a +0 leather armour (purple smoke, severely wounded, chance to affect: 38%)
You miscast Corona.
You are very lightly contaminated with residual magic.
Nothing appears to happen.
Eustachio mumbles some strange words.
You hit Eustachio.
Eustachio is severely wounded.
Eustachio hits you with a +2 falchion of holy wrath!
* * * LOW HITPOINT WARNING * * *
You convulse.
You die...

#####.#..#
#.......<.
#.###.#..#
##.###.#..#
#.........
#..#####.# # #..#
.. #.########..#
.. #.5@@5..<...#
..
#####5#.##..######
#.###.#........
#.# ##...###### ##
#.#..# #.#...# ..#
#.## #.# ##. ## #


You could see Eustachio, 2 crimson imps and a white imp (summoned).

Vanquished Creatures
  A bullfrog skeleton (D:3)
  4 adders
  3 worms (D:2)
  A dart slug (D:1)
  An orc (D:4)
  6 endoplasms
  4 goblins
  6 hobgoblins
  3 jackals (D:1)
  8 kobolds
  5 quokkas
  3 ball pythons
  3 bats (D:1)
  5 frilled lizards
  23 rats
76 creatures vanquished.

Vanquished Creatures (others)
  4 plants (D:3)
4 creatures vanquished.

Grand Total: 80 creatures vanquished

Notes
Turn   | Place    | Note
-------+----------+-------------------------------------------
     0 | D:1      | belegose the Ghoul Enchanter began the quest for the Orb.
     0 | D:1      | Reached XP level 1. HP: 14/14 MP: 2/2
   256 | D:1      | Reached XP level 2. HP: 19/22 MP: 3/3
   304 | D:1      | Reached skill level 1 in Fighting
   787 | D:1      | Reached skill level 1 in Armour
  1037 | D:1      | Reached XP level 3. HP: 25/28 MP: 4/4
  1131 | D:1      | Found a faded altar of an unknown god.
  1757 | D:2      | Reached skill level 4 in Stealth
  1946 | D:2      | Reached XP level 4. HP: 36/36 MP: 5/5
  2031 | D:2      | Reached skill level 1 in Short Blades
  2577 | D:3      | Found a snail-covered altar of Cheibriados.
  2578 | D:3      | Noticed a torpor snail
  2578 | D:3      | Noticed a torpor snail
  2578 | D:3      | Noticed a torpor snail
  2654 | D:3      | Noticed an ogre
  2936 | D:3      | Found a broken altar of Ashenzari.
  3070 | D:4      | Noticed Eustachio
  3283 | D:3      | Reached XP level 5. HP: 26/42 MP: 6/6
  3517 | D:3      | Found a hide-covered altar of Uskayaw.
  3713 | D:4      | Noticed Edmund
  4055 | D:4      | HP: 2/44 [Eustachio (10)]
  4055 | D:4      | Slain by Eustachio

Illustrated notes

Levels and vault maps discovered:
D:1:      minmay_arrival_shattered_statue, layout_loops_corners,
          chequers_ecumenical_altar_lobes
D:2:      minmay_inner_zag, layout_rooms, serial_park_tiny_1, minmay_rat_hole
D:3:      layout_basic, cheibrodos_ashenzari_chains,
          mainiacjoe_overflow_alcove_4, cheibriados_altar_2,
          serial_bayou_pond_b, grunt_decor_mini_mirrors, uniq_grinder
D:4:      layout_loops_ring, uniq_eustachio, uniq_edmund

Skill      XL: |  1  2  3  4 |
---------------+-------------+-----
Fighting       | 1 2 |  2.8
Armour         | 1 2 |  2.3
Stealth        | 4 |  4.2
Short Blades   | 1 |  1.7
Dodging        | |  1.7
Spellcasting   | |  1.7
Hexes          | |  2.4

Action                   |  1- 3 |  4- 6 || total
-------------------------+-------+-------++-------
Melee: Dagger            |   132 |   157 ||   289
 Cast: Corona            |       |     3 ||     3
 Stab: Sleeping          |    11 |     2 ||    13
Armor: Robe              |    22 |    20 ||    42
Dodge: Dodged            |    64 |   131 ||   195
